 Dungeon Crawl Stone Soup version 0.29.1-1-gd02db6906a (webtiles) character file.

Game seed: 3746467404736234954

16 unlimited1921 the Magician (level 2, -1/21 HPs)
             Began as a Djinni Fire Elementalist on Sept 16, 2022.
             Slain by a worm (4 damage)
             ... on level 2 of the Dungeon.
             The game lasted 00:03:30 (2106 turns).

unlimited1921 the Magician (DjFE)                   Turns: 2106, Time: 00:03:30

Health: -1/21      AC:  5    Str:  7    XL:     2   Next: 75%
Gold:   67         EV: 11    Int: 16    God:
                   SH:  0    Dex: 13

rFire   + + .      SeeInvis .   n - +2 dagger (drain)
rCold   x . .      Faith    .   (no shield)
rNeg    . . .      Spirit   .   h - +0 leather armour
rPois   ∞          Reflect  .   d - +0 helmet
rElec   .          Harm     .   (no cloak)
rCorr   .          Rampage  .   f - +0 pair of gloves
Will    .....                   (boots unavailable)
Stlth   ++........              (no amulet)
HPRegen 0.07/turn               (no ring)
MPRegen 0.00/turn               (no ring)

@: flying, very slightly contaminated
A: sickness immunity, fire resistance 2, cold vulnerability 1, float, innate
caster, HP casting, extra vitality 1
a: no special abilities


You were on level 2 of the Dungeon.
You visited 1 branch of the dungeon, and saw 2 of its levels.

You collected 67 gold pieces.

Inventory:

Hand Weapons
 c - a +0 falchion
 i - a +0 spear
 n - a +2 dagger of draining (weapon)
Missiles
 l - a throwing net
 p - 2 stones
Armour
 a - a +0 robe
 d - a +0 helmet (worn)
 f - a +0 pair of gloves (worn)
 h - a +0 leather armour (worn)
 o - a +0 ring mail
Scrolls
 b - 2 scrolls of identify {unknown}
 g - a scroll of summoning {unknown}
 j - 2 scrolls of immolation {unknown}
Potions
 e - a potion of brilliance {unknown}
 k - a potion of curing {unknown}
 m - a potion of might {unknown}


   Skills:
 + Level 2.5 Dodging
 + Level 1.6 Stealth
 + Level 2.8 Spellcasting


You couldn't memorise any spells.
You knew the following spells:

 Your Spells              Type           Power      Damage    Failure   Level
a - Foxfire               Conj/Fire      44%        2x1d6     9%          1
b - Scorch                Fire           22%        2d6       13%         2
c - Conjure Flame         Conj/Fire      11%        6-21      26%         3
d - Inner Flame           Hex/Fire       11%        N/A       26%         3
e - Flame Wave            Conj/Fire      11%        2d6       65%         4
Your spell library was empty.

Dungeon Overview and Level Annotations

Branches:
Dungeon (2/15)

Altars:


Innate Abilities, Weirdness & Mutations

You are immune to sickness and miasma.
You are immune to poison.
Your flesh is very heat resistant. (rF++)
You are vulnerable to cold. (rC-)
You float through the air rather than walking.
You learn spells naturally, not from books.
Your magical power is your life essence.
You have superior vitality. (+4 MHP)


Message History

Confirm with . or Enter, or press ? or * to list all spells.
You conjure some foxfire!
The foxfire hits the ball python.
You kill the ball python!
Your foxfire dissipates!
You start resting.
Your magical contamination has completely faded away.
You start resting.
HP restored.
Found 2 stones.
A kobold comes into view. It is wielding a +0 dagger.
The kobold shouts!
A worm comes into view.
You see here 2 stones.
p - 2 stones
Casting: Foxfire (safe; 9% risk of failure)
Confirm with . or Enter, or press ? or * to list all spells.
Flames lash the worm.
The worm is heavily wounded.
The worm's fire resistance burns away.
Casting: Scorch (safe; 13% risk of failure)
Confirm with . or Enter, or press ? or * to list all spells.
Flames lash the worm.
The worm is burned terribly!
The worm is almost dead.
Casting: Scorch (safe; 13% risk of failure)
Confirm with . or Enter, or press ? or * to list all spells.
You miscast Scorch.
You are very lightly contaminated with residual magic.
Nothing appears to happen.
Casting: Scorch (safe; 13% risk of failure)
Confirm with . or Enter, or press ? or * to list all spells.
Flames lash the kobold.
You kill the kobold!
The worm bites you!
* * * LOW HITPOINT WARNING * * *
Casting: Scorch (safe; 13% risk of failure)
Confirm with . or Enter, or press ? or * to list all spells.
You miscast Scorch.
Nothing appears to happen.
* * * LOW HITPOINT WARNING * * *
The worm bites you.
You die...

... .#. # ..
#.####.## ........
.....# ###########
#)w######..........
#.@.......#########
##.######## ...#
#####


You could see a worm (combustible).

Vanquished Creatures
  3 hobgoblins (D:1)
  A quokka (D:1)
  4 ball pythons
  4 bats (D:1)
  2 kobolds
  3 rats (D:1)
17 creatures vanquished.

Vanquished Creatures (others)
  36 foxfires (D:1)
36 creatures vanquished.

Grand Total: 53 creatures vanquished

Notes
Turn   | Place    | Note
-------+----------+-------------------------------------------
     0 | D:1      | unlimited1921 the Djinni Fire Elementalist began the quest
                  | for the Orb.
     0 | D:1      | unlimited1921 set off with the following spells memorised:
                  | Foxfire, Scorch, Conjure Flame, Inner Flame, Flame Wave.
     0 | D:1      | Reached XP level 1. HP: 15/15 MP: 0/0
   942 | D:1      | Reached XP level 2. HP: 19/21 MP: 0/0
  1033 | D:1      | Found a faded altar of an unknown god.
  2106 | D:2      | Slain by a worm

Illustrated notes

Levels and vault maps discovered:
D:1:      nicolae_arrival_memento_mori, layout_loops_ring,
          hellmonk_ecumenical_altar_lost_god
D:2:      minmay_chambers_of_ones, layout_basic, basic_altar

Action                   || total
-------------------------++-------
Melee: Spear             ||     3
 Cast: Foxfire           ||    28
       Scorch            ||     3
Armor: Robe              ||     5
       Leather armour    ||     3
Dodge: Dodged            ||    12
